 Dungeon Crawl Stone Soup version 0.31-a0-799-g6bc09d010c (webtiles) character file.

Game seed: 13556041175161749802

152 arthad the Trooper (level 5, -7/28 HPs)
             Began as a Vine Stalker Berserker on Sept 19, 2023.
             Was a Believer of Trog.
             Mangled by Duvessa
             ... wielding a +4 rapier of distortion
              (10 damage)
             ... on level 4 of the Dungeon.
             The game lasted 00:04:07 (2554 turns).

arthad the Trooper (Vine Stalker Berserker)         Turns: 2554, Time: 00:04:07

Health: -7/28      AC:  4    Str: 27    XL:     5   Next: 34%
Magic:  0/6        EV: 12    Int:  7    God:    Trog [**....]
Gold:   72         SH:  0    Dex: 14    Spells: 4/4 levels left

rFire   . . .        q - +3 war axe (heavy)
rCold   . . .        (no shield)
rNeg    . . .        b - +0 animal skin
rPois   .            (no helmet)
rElec   .            (no cloak)
rCorr   .            f - +0 pair of gloves
SInv    +            h - +0 pair of boots of Gaufeah {Str+6}
Will    ++...        (no amulet)
Stlth   +            p - ring of see invisible
HPRegen 2.04/turn    (no ring)
MPRegen 0.10/turn

%: guardian spirit
@: strong-willed (expiring), on berserk cooldown, regenerating (expiring),
hasted and slowed
A: fangs 2, regeneration 1, magic shield, antimagic bite, no potion heal 2
a: Renounce Religion, Berserk, Trog's Hand


You were on level 4 of the Dungeon.
You worshipped Trog.
Trog was pleased with you.
You visited 1 branch of the dungeon, and saw 4 of its levels.
You visited the Abyss 1 time.

You collected 215 gold pieces.
You spent 143 gold pieces at shops.

Inventory:

Hand Weapons
 a - a +0 hand axe
 g - a +0 dagger of venom
 q - a +3 heavy war axe (weapon)
Missiles
 m - 3 boomerangs
Armour
 b - a +0 animal skin (worn)
 f - a +0 pair of gloves (worn)
 h - the +0 pair of boots of Gaufeah (worn) {Str+6}
   (You found it on level 2 of the Dungeon)

   Str+6:     It affects your strength (+6).
Jewellery
 p - a ring of see invisible (left hand)
Scrolls
 c - 4 scrolls of teleportation {unknown}
 d - 4 scrolls of identify {unknown}
 k - a scroll of summoning {unknown}
 l - a scroll of amnesia {unknown}
 n - a scroll of immolation {unknown}
 o - a scroll of noise {unknown}
 r - a scroll of torment {unknown}
 s - a scroll of enchant weapon {unknown}
Potions
 e - 5 potions of curing
 i - 2 potions of mutation {unknown}
 t - a potion of heal wounds {unknown}


   Skills:
 * Level 3.5 Fighting
 * Level 3.5 Axes
 * Level 2.5 Armour
 * Level 2.5 Dodging


You had 4 spell levels left.
You didn't know any spells.
Your spell library contained the following spells:

 Spells                   Type           Power      Damage    Failure   Level
 Freeze                   Ice            0%         1d3       43%         1
 Lesser Beckoning         Tloc           0%         N/A       56%         2
 Frozen Ramparts          Ice            0%         1d1       80%         3
 Gell's Gravitas          Tloc           0%         N/A       80%         3
 Hailstorm                Conj/Ice       0%         3d3       80%         3
 Teleport Other           Tloc           0%         N/A       80%         3


Dungeon Overview and Level Annotations

Branches:
Dungeon (4/15)
 Temple: D:4-7

Altars:
Sif Muna

Shops:
D:2 (

Annotations:
D:4 Dowan, Duvessa


Innate Abilities, Weirdness & Mutations

You have extremely sharp teeth.
Your natural rate of healing is unusually fast.
When hurt, damage is shared between your health and your magic reserves.
Your bite disrupts and absorbs the magic of your enemies.
Potions cannot restore your health.


Message History

Duvessa is severely wounded.
Duvessa hits you with a +4 rapier of distortion!
* * * LOW HITPOINT WARNING * * *
You are cast into the Abyss!
This branch contains the abyssal rune of Zot.
Unknown command.
You feel a strong urge to attack something.
You feel your anger nearly subside.
You are no longer berserk.
You are exhausted.
You feel yourself slow down.
Found a gateway leading out of the Abyss.
There is a gateway leading out of the Abyss here.
HP restored.
You pass through the gate.
Welcome back to the Dungeon!
Level annotation: Dowan, Duvessa The endoplasm freezes you.
You are frozen.
Duvessa hits you with a +4 rapier of distortion.
Space warps around you.
Unknown command.
You hit Duvessa.
Duvessa is almost dead.
You hit the endoplasm.
You kill the endoplasm!
Trog accepts your kill.
Duvessa hits you with a +4 rapier of distortion.
Space warps around you! The orc barely misses you. Duvessa misses you.
You barely miss Duvessa.
Duvessa is almost dead.
You hit the orc.
You kill the orc!
Trog accepts your kill.
Your extra speed is starting to run out.
You feel the effects of Trog's Hand fading.
Duvessa hits you with a +4 rapier of distortion!
Space warps horribly around you!
* * * LOW HITPOINT WARNING * * *
Duvessa hits you with a +4 rapier of distortion!
You die...

### ##.#####
.## #......#
..#####.####.##
#....#..## #..#
#......# ##.##
#......# #.e# #
#......# ##@# #
#......# #o# #
#......#


#Se ## #......# #... .# #.###...# #.... .####.# ###.# #..... ...##.#####..#
#...... ..............##....... #.....######... You could see Duvessa, Dowan, an
adder and an orc.

Vanquished Creatures
  An orc wizard (D:4)
  4 adders
  A worm (D:2)
  5 dart slugs
  8 orcs (D:4)
  5 endoplasms
  A giant cockroach (D:2)
  6 goblins
  6 hobgoblins
  6 jackals
  A quokka (D:2)
  6 ball pythons
  7 bats
  2 frilled lizards
  8 kobolds
  5 rats
72 creatures vanquished.

Notes
Turn   | Place    | Note
-------+----------+-------------------------------------------
     0 | D:1      | arthad the Vine Stalker Berserker began the quest for the
                  | Orb.
     0 | D:1      | Reached XP level 1. HP: 11/11 MP: 2/2
   150 | D:1      | Reached XP level 2. HP: 16/16 MP: 1/3
   724 | D:1      | Reached XP level 3. HP: 20/20 MP: 4/4
   859 | D:2      | Identified the +0 pair of boots of Gaufeah {Str+6}
   930 | D:2      | Reached ** piety under Trog
  1014 | D:2      | Found Doavul's Antique Weapon Boutique.
  1153 | D:2      | Reached XP level 4. HP: 24/24 MP: 5/5
  1193 | D:2      | Found a faded altar of an unknown god.
  1880 | D:3      | Found a shimmering blue altar of Sif Muna.
  2024 | D:2      | Bought a glowing war axe for 143 gold pieces
  2477 | D:4      | Reached XP level 5. HP: 28/28 MP: 6/6
  2522 | D:4      | Noticed Duvessa
  2524 | D:4      | Noticed Dowan
  2537 | Abyss:1  | Cast into level 1 of the Abyss (Duvessa)
  2552 | D:4      | Escaped the Abyss
  2554 | D:4      | Mangled by Duvessa

Illustrated notes

Levels and vault maps discovered:
D:1:      dpeg_arrival_windows_large_door, layout_basic,
          minmay_tree_intersection
D:2:      layout_loops_ring, serial_shops, nicolae_shop_pleasant_corner_grove,
          hellmonk_ecumenical_altar_inner_sanctum, minmay_pentomino_x4
D:3:      layout_loops_cross, lemuel_tele_altar, serial_bayou_lagoon_a,
          hangedman_decor_diamond_cutter
D:4:      layout_rooms, overflow_temple_1_default, temple_fountains,
          serial_park_tiny_1, minmay_stone_trees_medium, uniq_duvessa

Skill      XL: |  1  2  3 |
---------------+----------+-----
Fighting       | 3 |  3.5
Axes           | 3 |  3.5
Armour         | 2 |  2.5
Dodging        | 2 |  2.5

Action                     |  1- 3 |  4- 6 || total
---------------------------+-------+-------++-------
  Melee: Hand axe          |    88 |    56 ||   144
         Bite              |    25 |    17 ||    42
         War axe           |       |    33 ||    33
 Invoke: Berserk           |       |     1 ||     1
         Trog's Hand       |       |     1 ||     1
    Use: Potion            |     1 |     1 ||     2
   Stab: Sleeping          |     1 |     2 ||     3
 Armour: Animal skin       |    49 |    51 ||   100
  Dodge: Dodged            |    60 |    65 ||   125

Table legend: (Time is in decaauts)
 A = Elapsed time spent in this place.
 B = Non-inter-level travel time spent in this place.
 C = Inter-level travel time spent in this place.
 D = Time resting spent in this place.
 E = Time spent auto-exploring this place.
 F = Levels seen in this place.
 G = Mean time per level.
                   A        B        C        D        E       F      G
               +--------+--------+--------+--------+--------+-----+--------+
         Total |   2604 |   2412 |    192 |      0 |   1933 |   5 |  520.8 |
       Dungeon |   2591 |   2399 |    192 |      0 |   1933 |   4 |  647.8 |
         Abyss |     13 |     13 |      0 |      0 |      0 |   1 |   13.0 |
               +--------+--------+--------+--------+--------+-----+--------+

Top non-repeatable levels by time:
     D:3: 879 daAuts
     D:1: 805 daAuts
     D:2: 771 daAuts
     D:4: 134 daAuts
 Abyss:1: 13 daAuts
